 Dungeon Crawl Stone Soup version 0.31-a0-691-g409c26aa35 (webtiles) character file.

Game seed: 13902404986124283375

198 Dirtsage the Ruffian (level 5, -2/50 HPs)
             Began as a Troll Shapeshifter on Sept 6, 2023.
             Slain by an ice beast (8 damage)
             ... on level 5 of the Dungeon.
             The game lasted 00:02:39 (1711 turns).

Dirtsage the Ruffian (Troll Shapeshifter)           Turns: 1711, Time: 00:02:40

Health: -2/50      AC:  4    Str: 22    XL:     5   Next: 47%
Magic:  4/4        EV:  9    Int:  6    God:
Gold:   162        SH:  5    Dex: 11    Spells: 4/4 levels left

rFire   . .          .
                       - Unarmed
rCold   . . .        (no shield)
rNeg    + . .        a - +0 animal skin
rPois   .            (helmet currently unavailable)
rElec   .            (cloak currently unavailable)
rCorr   .            (gloves unavailable)
SInv    .            (boots unavailable)
Will    .....        l - amulet of reflection
Stlth   +            N - ring of positive energy
HPRegen 1.08/turn    (no ring)
MPRegen 0.09/turn

%: reflection
@: beast-form
A: beast (slay +2), large, unfitting armour, claws 3, regeneration 1, shaggy fur
1, tough skin 1
a: Begin Untransformation


You were on level 5 of the Dungeon.
You were a hulking beast.
You visited 1 branch of the dungeon, and saw 4 of its levels.

You collected 162 gold pieces.

Inventory:

Missiles
 s - a throwing net
Armour
 a - a +0 animal skin (worn)
 e - a +0 cloak
Magical Staves
 i - a staff of death
Jewellery
 l - an amulet of reflection (around neck)
 N - a ring of positive energy (left claw)
Talismans
 c - a beast talisman (active)
 d - a flux talisman
Scrolls
 f - a scroll of fear {unknown}
 g - 2 scrolls of teleportation {unknown}
 h - 3 scrolls of amnesia {unknown}
 m - a scroll of vulnerability {unknown}
 n - a scroll of immolation {unknown}
 o - a scroll of blinking {unknown}
 p - a scroll of poison {unknown}
 q - a scroll of butterflies {unknown}
 r - 3 scrolls of identify {unknown}
Potions
 b - a potion of magic {unknown}
 j - a potion of invisibility {unknown}
 k - a potion of heal wounds {unknown}


   Skills:
 + Level 2.6 Fighting
 - Level 1.5 Dodging
 + Level 4.3 Unarmed Combat
 + Level 4.1 Shapeshifting


You had 4 spell levels left.
You didn't know any spells.
Your spell library contained the following spells:

 Spells                   Type           Power      Damage    Failure   Level
 Freeze                   Ice            0%         1d3       45%         1
 Poisonous Vapours        Pois/Air       0%         N/A       58%         2
 Dazzling Flash           Conj/Hex       0%         N/A       83%         3
 Hailstorm                Conj/Ice       0%         3d3       83%         3
 Portal Projectile        Hex/Tloc       0%         N/A       83%         3
 Tukima's Dance           Hex            0%         N/A       83%         3
 Iskenderun's Mystic Bla  Conj/Tloc      0%         2d3       99%         4
 Agony                    Necr           0%         N/A       100%        5
 Silence                  Hex/Air        0%         N/A       100%        5
 Simulacrum               Ice/Necr       0%         N/A       100%        6
 Ozocubu's Refrigeration  Ice            0%         4d7       100%        7


Dungeon Overview and Level Annotations

Branches:
Dungeon (3/15)

Altars:


Innate Abilities, Weirdness & Mutations

You are a hulking beast.
Your limbs bulge with bestial killing power. (Slay +2)
You are too large for most types of armour.
You have claws for hands.
Your natural rate of healing is unusually fast.
You are covered in fur. (AC +1)
You have tough skin. (AC +1)


Message History

You block the throwing net with an invisible shield... and reflect it back!
The throwing net barely misses the gnoll.
An ice beast comes into view.
The gnoll throws a throwing net.
The throwing net hits you.
You become entangled in the net!
You see here a throwing net.
The gnoll sergeant hits you from afar with a +0 spear!
You take 7 damage, and have 43/50 hp.
You tear a large gash into the net.
The gnoll sergeant hits you from afar with a +0 spear.
You take 4 damage, and have 39/50 hp.
You struggle against the net.
The gnoll sergeant hits you but does no damage.
You struggle against the net.
The gnoll sergeant hits you from afar with a +0 spear!
You take 7 damage, and have 33/50 hp.
You rip the net and break free!
The gnoll sergeant hits you from afar with a +0 spear.
A gnoll comes into view. It is wielding a +0 spear.
You take 2 damage, and have 31/50 hp.
The ice beast attacks as it pursues you!
The ice beast hits you. The ice beast freezes you!
You take 11 damage, and have 20/50 hp.
MASSIVE DAMAGE!!
The ice beast attacks as it pursues you!
You block the ice beast's attack.
You regained 2 hp, and now have 25/50 hp.
You claw the ice beast!
The ice beast is moderately wounded.
You closely miss the ice beast.
The ice beast is moderately wounded.
The ice beast hits you. The ice beast freezes you!
The gnoll sergeant hits you from afar with a +0 spear!
* * * LOW HITPOINT WARNING * * *
You take 19 damage, and have 7/50 hp.
MASSIVE DAMAGE!!
You scratch the ice beast. You claw the ice beast!
The ice beast is almost dead.
The ice beast hits you.
* * * LOW HITPOINT WARNING * * *
The ice beast freezes you!
You die...

..≈≈≈≈≈.......##..)##.#
.≈≈.......(...##)..##.#
≈≈............##...##.#
...............#'''#..###
.......#................#
.......#.##.............#
........g##.............#
.##....#Y###.............
##...#h###.............
#..#.......?........#..
#..##.##...........#.#..
..# #####....###........
.. ##.....#..# ###......
#.....##..###.#...#..
.......##..#..))##.##
........#......## ##
.............########


You could see an ice beast and a gnoll sergeant.

Vanquished Creatures
  An ogre (D:5)
  A hound (D:5)
  3 gnolls (D:5)
  An adder (D:2)
  A shadow imp (D:5)
  A worm (D:2)
  4 bats
  6 endoplasms
  3 giant cockroaches
  6 goblins
  A hobgoblin (D:1)
  2 jackals (D:2)
  2 quokkas
  2 ball pythons
  3 frilled lizards (D:1)
  4 kobolds (D:1)
  4 rats
45 creatures vanquished.

Notes
Turn   | Place    | Note
-------+----------+-------------------------------------------
     0 | D:1      | Dirtsage the Troll Shapeshifter began the quest for the
                  | Orb.
     0 | D:1      | Reached XP level 1. HP: 18/18 MP: 0/0
    91 | D:1      | Reached skill level 1 in Fighting
   167 | D:1      | Reached XP level 2. HP: 27/27 MP: 1/1
   407 | D:1      | Found a faded altar of an unknown god.
   798 | D:2      | Reached XP level 3. HP: 29/33 MP: 2/2
   993 | D:2      | Got the Catalogue of the Septic Glacier
  1350 | D:3      | You fall into a shaft and drop 2 floors!
  1350 | D:5      | Entered Level 5 of the Dungeon
  1365 | D:5      | Noticed an ogre
  1381 | D:5      | Killed an ogre
  1382 | D:5      | Reached XP level 4. HP: 44/44 MP: 3/3
  1636 | D:5      | Reached XP level 5. HP: 50/50 MP: 4/4
  1698 | D:5      | Noticed an ice beast
  1711 | D:5      | Slain by an ice beast

Illustrated notes

Levels and vault maps discovered:
D:1:      dpeg_arrival_long_road, layout_basic, ebering_ecumenical_altar_hall
D:2:      layout_loops_ring, minmay_hexomino_f4
D:3:      layout_basic
D:5:      layout_cave_pools, minmay_temple_entry_glass, serial_gnoll_camp,
          gnoll_camp_mini_loothouse, gnoll_camp_huts_moat, gnoll_camp_medium_01,
          gnoll_camp_mini_basic, gnoll_camp_mini_hut, nicolae_wormholes

Skill      XL: |  1  2  3  4  5 |
---------------+----------------+-----
Fighting       | 1 2 |  2.6
Unarmed Combat | 4 |  4.3
Shapeshifting  | 4 |  4.1
Dodging        | |  1.5

Action                     |  1- 3 |  4- 6 || total
---------------------------+-------+-------++-------
  Melee: Unarmed           |    94 |    14 ||   108
         Punch             |       |     1 ||     1
    Use: Potion            |     1 |       ||     1
   Stab: Sleeping          |     1 |       ||     1
 Armour: Animal skin       |    58 |    13 ||    71
         Skin              |     1 |       ||     1
  Dodge: Dodged            |    51 |     7 ||    58
  Block: Other             |     1 |     4 ||     5
         Reflection        |       |     1 ||     1

Table legend: (Time is in decaauts)
 A = Elapsed time spent in this place.
 B = Non-inter-level travel time spent in this place.
 C = Inter-level travel time spent in this place.
 D = Time resting spent in this place.
 E = Time spent auto-exploring this place.
 F = Levels seen in this place.
 G = Mean time per level.
                   A        B        C        D        E       F      G
               +--------+--------+--------+--------+--------+-----+--------+
         Total |   1703 |   1639 |     64 |    208 |   1107 |   4 |  425.8 |
       Dungeon |   1703 |   1639 |     64 |    208 |   1107 |   4 |  425.8 |
               +--------+--------+--------+--------+--------+-----+--------+

Top non-repeatable levels by time:
     D:1: 751 daAuts
     D:2: 575 daAuts
     D:5: 359 daAuts
     D:3: 16 daAuts
